 Dungeon Crawl Stone Soup version 0.27-a0-242-ge0fc76b88b (webtiles) character file.

Game seed: 3542175107804433467

103 Borgoz the Ducker (level 4, 0/37 HPs)
             Began as a Ghoul Gladiator on Feb 2, 2021.
             Slain by an orc wizard
             ... wielding a +0 dagger
              (3 damage)
             ... on level 4 of the Dungeon.
             The game lasted 00:02:20 (1846 turns).

Borgoz the Ducker (Ghoul Gladiator)                 Turns: 1846, Time: 00:02:21

Health: 0/37       AC:  4    Str: 16 (17) XL:     4   Next: 79%
Magic:  3/3        EV: 13    Int:  2 (3)  God:
Gold:   35         SH:  0    Dex: 11      Spells: 3/3 levels left

rFire    . . .     SeeInvis .   b - +2 short sword (venom)
rCold    + . .     Faith    .   (no shield)
rNeg     + + +     Spirit   .   i - +0 leather armour
rPois    ∞         Reflect  .   c - +0 helmet
rElec    .         Harm     .   (no cloak)
rCorr    .         Rampage  .   (no gloves)
Will     .....                  (no boots)
Stlth    +.........             (no amulet)
HPRegen  0.00/turn              (no ring)
MPRegen  0.08/turn              (no ring)

@: brilliant
A: claws 1, cold resistance 1, negative energy resistance 3, inhibited
regeneration, torment resistance, unbreathing
a: no special abilities


You were on level 4 of the Dungeon.
You visited 1 branch of the dungeon, and saw 3 of its levels.

You collected 35 gold pieces.

Inventory:

Hand Weapons
 a - a +0 long sword
 b - a +2 short sword of venom (weapon)
Missiles
 d - 5 throwing nets (quivered)
Armour
 c - a +0 helmet (worn)
 i - a +0 leather armour (worn)
Jewellery
 f - a cursed +6 ring of intelligence {unknown}
Scrolls
 e - a scroll of amnesia {unknown}
 g - 2 scrolls of identify {unknown}
 m - a scroll of remove curse {unknown}
Potions
 h - a potion of berserk rage
 k - a potion of brilliance
 l - a potion of magic {unknown}


   Skills:
 + Level 2.9 Fighting
 * Level 3.5 Long Blades
 - Level 1.7 Throwing
 + Level 1.2 Armour
 * Level 3.6 Dodging


You had 3 spell levels left.
You didn't know any spells.
Your spell library contained the following spells:

 Spells                   Type           Power        Failure   Level
 Confusing Touch          Hex            0%           94%         3
 Gell's Gravitas          Tloc           0%           94%         3
 Petrify                  Tmut/Erth      0%           100%        4
 Metabolic Englaciation   Hex/Ice        0%           100%        5
 Yara's Violent Unravell  Hex/Tmut       0%           100%        5


Dungeon Overview and Level Annotations

Branches:
Dungeon (2/15)

Altars:
Fedhas


Innate Abilities, Weirdness & Mutations

You thrive by killing the living.
You are immune to poison.
You have sharp fingernails.
Your flesh is cold resistant. (rC+)
You are immune to negative energy. (rN+++)
You do not regenerate when monsters are visible.
You are immune to unholy pain and torment.
You can survive without breathing.


Message History

The orc wizard is severely wounded.
Something hits you.
* * * LOW HITPOINT WARNING * * *
The orc wizard hits you with a +0 dagger.
* * * LOW HITPOINT WARNING * * *
It was a potion of berserk rage.
You cannot raise a blood rage in your lifeless body.
Something hits you but does no damage.
The orc wizard hits you but does no damage.
It was a potion of brilliance.
You feel clever all of a sudden.
You kill the orc wizard!
You feel better. Something hits you but does no damage.
It was a potion of mutation.
You feel extremely strange.
Your body decomposes!
You feel dopey.
Your body decomposes!
You feel weakened. Something hits you.
You die...

#?# ... ##.###
.....# ######
##.#.#.##
......###.......#
................#
......{)#..#....#
......)@#........
........#.......#
......###.#...#.#
.!..$. #.......#
...### ####.####
... .# .. +#


There were no monsters in sight!

Vanquished Creatures
  An orc wizard (D:4)
  2 adders
  2 worms (D:2)
  A dart slug (D:1)
  A leopard gecko (D:2)
  3 orcs (D:4)
  A ball python (D:1)
  2 giant cockroaches
  5 goblins
  5 hobgoblins
  6 jackals
  7 kobolds
  A quokka (D:2)
  5 bats
  A frilled lizard (D:2)
  4 rats
47 creatures vanquished.

Notes
Turn   | Place    | Note
-------+----------+-------------------------------------------
     0 | D:1      | Borgoz the Ghoul Gladiator began the quest for the Orb.
     0 | D:1      | Reached XP level 1. HP: 17/17 MP: 0/0
     2 | D:1      | Noticed an octopode
     2 | D:1      | Noticed a merfolk
     4 | D:1      | Noticed a vampire
     4 | D:1      | Noticed a draconian
     6 | D:1      | Noticed a demonspawn
     6 | D:1      | Noticed a dwarf
     8 | D:1      | Noticed a demigod
     8 | D:1      | Noticed a naga
    10 | D:1      | Noticed a human
    10 | D:1      | Noticed a minotaur
    12 | D:1      | Noticed a centaur
    14 | D:1      | Noticed a halfling
    14 | D:1      | Noticed a formicid
    16 | D:1      | Noticed an ogre
    18 | D:1      | Noticed a gargoyle
    20 | D:1      | Noticed a ghoul
    20 | D:1      | Noticed a spriggan
    22 | D:1      | Noticed an elf
    22 | D:1      | Noticed a troll
    24 | D:1      | Noticed a tengu
    26 | D:1      | Noticed a vine stalker
    26 | D:1      | Noticed a felid
   211 | D:1      | Reached XP level 2. HP: 21/24 MP: 1/1
   840 | D:1      | Reached XP level 3. HP: 30/30 MP: 2/2
  1356 | D:2      | Found a blossoming altar of Fedhas.
  1713 | D:2      | Reached skill level 1 in Armour
  1713 | D:2      | Reached XP level 4. HP: 36/37 MP: 3/3
  1824 | D:2      | You fall into a shaft and drop 2 floors!
  1843 | D:4      | HP: 1/37 [orc wizard/+0 dagger (2)]
  1846 | D:4      | Slain by an orc wizard

Illustrated notes

Levels and vault maps discovered:
D:1:      kb_arrival_jail, layout_basic, minmay_misc_feat_x
D:2:      layout_basic, marbit_many_paths, st_stairs_9
D:4:      layout_loops_corners, nzn_hepliaklqana_mist_gate,
          gammafunk_ghost_stat_death, uniq_edmund, uniq_purgy

Skill      XL: |  1  2  3 |
---------------+----------+-----
Dodging        | 3 |  3.6
Long Blades    | 3 |  3.5
Armour         | 1 |  1.2
Fighting       | |  2.9
Throwing       | |  1.7

Action                   |  1- 3 |  4- 6 || total
-------------------------+-------+-------++-------
Melee: Long sword        |    58 |       ||    58
       Short sword       |    48 |    20 ||    68
  Use: Potion            |       |     3 ||     3
Armor: Leather armour    |    47 |     8 ||    55
Dodge: Dodged            |   102 |    11 ||   113
       Rpst.: Long sword |    21 |       ||    21

Table legend: (Time is in decaauts)
 A = Elapsed time spent in this place.
 B = Non-inter-level travel time spent in this place.
 C = Inter-level travel time spent in this place.
 D = Time resting spent in this place.
 E = Time spent auto-exploring this place.
 F = Levels seen in this place.
 G = Mean time per level.
                   A        B        C        D        E       F      G
               +--------+--------+--------+--------+--------+-----+--------+
         Total |   1860 |   1857 |      3 |    447 |   1142 |   3 |  620.0 |
       Dungeon |   1860 |   1857 |      3 |    447 |   1142 |   3 |  620.0 |
               +--------+--------+--------+--------+--------+-----+--------+

Top non-repeatable levels by time:
     D:1: 1118 daAuts
     D:2: 720 daAuts
     D:4: 21 daAuts
